 Dungeon Crawl Stone Soup version 0.21.0-3-g78d12a8 (webtiles) character file.

7941 Inarius the Frost Mage (level 11, 0/74 HPs)
             Began as a Yellow Draconian Ice Elementalist on Jan 12, 2018.
             Was an Elder of Hepliaklqana.
             Slain by a red ugly thing (22 damage)
             ... on level 11 of the Dungeon.
             The game lasted 00:45:40 (11558 turns).

Inarius the Frost Mage (DrIE)                      Turns: 11558, Time: 00:45:41

Health: 0/74       AC: 11    Str: 10    XL:     11   Next: 3%
Magic:  3/21       EV: 14    Int: 21    God:    Hepliaklqana [****..]
Gold:   638        SH:  9    Dex: 12    Spells: 12/24 levels left

rFire    . . .     SeeInvis .   C - +4 long sword
rCold    . . .     Gourm    .   J - +2 buckler
rNeg     . . .     Faith    .   (armour unavailable)
rPois    +         Spirit   .   (helmet restricted)
rElec    .         Reflect  +   q - +0 cloak
rCorr    +         Harm     .   (no gloves)
MR       .....                  f - +1 pair of boots
Stlth    ++........             t - +2 amulet of reflection
HPRegen  0.22/turn              h - ring of poison resistance
MPRegen  0.17/turn              l - +1 ring of protection

@: no status effects
A: spit acid, acid resistance, unfitting armour, reduced essence, horns 1,
talons 2, clever 1, cold-blooded, AC +7
a: Breathe Acid, Recall Ancestor, Ancestor Identity, Transference, Idealise,
Renounce Religion


You were on level 11 of the Dungeon.
You worshipped Hepliaklqana.
Hepliaklqana was greatly pleased with you.
You were hungry.

You visited 2 branches of the dungeon, and saw 12 of its levels.

You collected 638 gold pieces.

Inventory:

Hand Weapons
 v - a +2 dagger of flaming
 C - a +4 long sword (weapon)
Armour
 f - a +1 pair of boots (worn)
 q - a +0 cloak (worn)
 J - a +2 buckler (worn)
Jewellery
 h - a ring of poison resistance (left hand)
 l - a +1 ring of protection (right hand)
 t - a +2 amulet of reflection (around neck)
Wands
 i - a wand of iceblast (8)
 z - a wand of random effects (25)
 A - a wand of flame (47)
 F - a wand of digging (6)
Scrolls
 g - a scroll of blinking
 k - a scroll of enchant weapon
 n - 6 scrolls of teleportation
 r - 10 scrolls of remove curse
 w - 3 scrolls of amnesia
 y - 3 scrolls of fear {unknown}
 G - 6 scrolls of immolation
Potions
 d - a potion of brilliance
 e - 4 potions of agility
 j - a potion of resistance
 o - 2 potions of heal wounds
 p - a potion of invisibility
 s - 2 potions of might
 u - 2 potions of curing
 B - 2 potions of haste
 H - a potion of flight
Books
 a - a book of Frost

   Spells                             Type                      Level
   a - Freeze                         Ice                          1
   b - Throw Frost                    Conjuration/Ice              2
   c - Ozocubu's Armour               Charms/Ice                   3
   d - Throw Icicle                   Conjuration/Ice              4
   e - Summon Ice Beast               Ice/Summoning                4
 x - a book of Misfortune

   Spells                             Type                      Level
   a - Confusing Touch                Hexes                        1
   b - Confuse                        Hexes                        3
   c - Gell's Gravitas                Translocation                3
   d - Petrify                        Transmutation/Earth          4
   e - Metabolic Englaciation         Hexes/Ice                    5
   f - Yara's Violent Unravelling     Hexes/Transmutation          5
 E - a book of Changes

   Spells                             Type                      Level
   a - Beastly Appendage              Transmutation                1
   b - Sticks to Snakes               Transmutation                2
   c - Spider Form                    Transmutation/Poison         3
   d - Ice Form                       Ice/Transmutation            4
   e - Blade Hands                    Transmutation                5
Comestibles
 b - 17 rations
 c - 11 chunks of flesh


   Skills:
 + Level 3.9 Fighting
 - Level 1.0(1.6) Short Blades
 - Level 2.0(2.1) Long Blades
 + Level 5.6 Dodging
 - Level 1.7 Stealth
 - Level 4.0 Shields
 - Level 7.1 Spellcasting
 + Level 4.9 Conjurations
 + Level 2.3 Charms
 + Level 2.0 Summonings
 * Level 11.4 Ice Magic


You had 12 spell levels left.
You knew the following spells:

 Your Spells              Type           Power        Failure   Level  Hunger
a - Freeze                Ice            ####         1%          1    None
b - Ozocubu's Armour      Chrm/Ice       #####...     1%          3    None
c - Throw Icicle          Conj/Ice       #####...     3%          4    ###....
d - Summon Ice Beast      Ice/Summ       #####...     5%          4    ###....


Dungeon Overview and Level Annotations

Branches:
Dungeon (11/15)            Temple (1/1) D:4             Orc (0/2) D:10
   Lair: D:8-11

Altars:
Ashenzari
Cheibriados
Dithmenos
Elyvilon
Fedhas
Gozag
Hepliaklqana
Makhleb
Nemelex Xobeh
Okawaru
Qazlal
Ru
Sif Muna
Vehumet
Wu Jian
Yredelemnul
Zin
The Shining One

Shops:
D:5 :   D:10 (

Annotations:
D:2 Grinder
D:10 Snorg


Innate Abilities, Weirdness & Mutations

You can spit globs of acid.
You are resistant to acid.
Your golden yellow scales are hard. (AC +7)
You cannot fit into any form of body armour.
You are cold-blooded and may be slowed by cold attacks.
Your life essence is reduced to manifest your ancestor. (-10% HP)
You have a pair of small horns on your head.
You have razor-sharp toenails.
Your mind is acute. (Int +2)


Message History

Press: ? - help, Shift-Dir - straight line, f/p - red ugly thing
Aim: a red ugly thing (heavily wounded)
Okay, then.
You start resting.
Onaxys has departed this plane of existence.
Casting: Throw Icicle
Confirm with . or Enter, or press ? or * to list all spells.
Aiming: Throw Icicle
Press: ? - help, Shift-Dir - straight line, f/p - red ugly thing
Aim: a red ugly thing (heavily wounded)
The shard of ice hits the red ugly thing.
The red ugly thing is heavily wounded.
You are feeling hungry.
The red ugly thing tentacle-slaps you.
You are engulfed in flames!!
Your icy armour melts away.
* * * LOW HITPOINT WARNING * * *
You feel much better. The red ugly thing tentacle-slaps you.
* * * LOW HITPOINT WARNING * * *
You are engulfed in flames!!
You die...

#.....# #.# ....... .###...#
#.# ....... .......### #.#
##......... #.# #........#
######.# #......<.#
##.......
#........###........
##........##....)..>. .
###...@.....##....).... ..
#.....u.....#.......... ...
#.##....#####.......... ....
#....#####..)....... .....
###..................
...u..##...#######........#.
.....†...### #.....#####
.....##### ####### ...


You could see a red ugly thing.

Vanquished Creatures
  A two-headed ogre (D:8)
  3 hippogriffs
  A yak (D:11)
  A human (D:8)
  Edmund (D:5)
  Menkaure (D:5)
  An acid dragon (D:11)
  A black bear (D:8)
  A sky beast (D:5)
  2 orc warriors
  A phantom (D:5)
  3 centaurs
  3 ogres
  Blork the orc (D:5)
  3 bullfrogs
  A gnoll sergeant (D:6)
  Dowan (D:6)
  A water moccasin skeleton (D:5)
  5 scorpions
  3 killer bees (D:7)
  2 howler monkeys
  3 jellies
  4 crimson imps
  A centaur skeleton (D:9)
  2 gnoll shamans
  4 hounds
  2 orc priests
  2 quasits
  6 orc wizards
  3 bullfrog skeletons
  An iguana (D:7)
  3 worker ants
  The ghost of dscm the Ducker, a weakling OpFi (D:4)
  2 hound skeletons
  A howler monkey zombie (D:6)
  7 adders
  13 gnolls
  2 shadow imps
  2 oozes
  4 worms
  6 leopard geckos
  17 orcs
  2 ball pythons
  4 giant cockroaches
  6 goblins
  4 hobgoblins
  4 jackals
  8 kobolds
  3 quokkas
  3 bats
  3 frilled lizards
  2 leopard gecko skeletons
  2 quokka skeletons
  8 rats
172 creatures vanquished.

Vanquished Creatures (collateral kills)
  An ugly thing (D:11)
  A cyclops (D:11)
  A centaur skeleton (D:10)
  2 hippogriffs
  A shadow (D:11)
  2 yaks (D:11)
  A hungry ghost (D:11)
  Duvessa (D:6)
  An ice beast (D:7)
  A black bear (D:8)
  An eye of draining (D:11)
  2 phantoms
  2 necrophages (D:8)
  An ogre (D:7)
  A bullfrog (D:6)
  A wyvern skeleton (D:8)
  2 killer bees (D:7)
  A howler monkey (D:8)
  A jelly (D:6)
  2 quasits
  A hound (D:11)
  4 orc wizards
  3 worker ants
  4 gnolls
  An adder (D:8)
  An ooze (D:6)
  6 orcs
  2 jackals (D:5)
  A quokka (D:5)
49 creatures vanquished.

Vanquished Creatures (others)
  3 knights
  3 ancestors
  A plant (D:5)
7 creatures vanquished.

Grand Total: 228 creatures vanquished

Notes
Turn   | Place    | Note
-------+----------+-------------------------------------------
     0 | D:1      | Inarius the Draconian Ice Elementalist began the quest for the Orb.
     0 | D:1      | Reached XP level 1. HP: 14/14 MP: 3/3
   415 | D:1      | Reached XP level 2. HP: 17/20 MP: 5/5
  1001 | D:2      | Reached XP level 3. HP: 26/26 MP: 1/6
  1059 | D:2      | Reached skill level 4 in Ice Magic
  1073 | D:2      | Learned a level 3 spell: Ozocubu's Armour
  1168 | D:2      | Reached XP level 4. HP: 23/33 MP: 2/7
  2499 | D:3      | Noticed Grinder
  2541 | D:3      | Learned a level 4 spell: Throw Icicle
  2593 | D:2      | Paralysed by Grinder for 7 turns
  2982 | D:4      | Reached XP level 5. HP: 33/38 MP: 4/9
  3230 | D:4      | Reached skill level 5 in Ice Magic
  3338 | D:4      | Found a staircase to the Ecumenical Temple.
  3353 | Temple   | Entered the Ecumenical Temple
  3490 | Temple   | Became a worshipper of Hepliaklqana the Forgotten
  3722 | D:4      | Noticed dscm's ghost (weakling OpFi)
  3730 | D:4      | Killed dscm's ghost
  3812 | D:4      | Reached XP level 6. HP: 38/40 MP: 5/11
  3818 | D:4      | Learned a level 4 spell: Summon Ice Beast
  4067 | D:5      | Entered Level 5 of the Dungeon
  4223 | D:5      | Noticed a sky beast
  4232 | D:5      | Reached skill level 1 in Shields
  4257 | D:5      | Killed a sky beast
  4464 | D:5      | Noticed Menkaure
  4465 | D:5      | Noticed Blork the orc
  4855 | D:5      | Reached skill level 6 in Ice Magic
  4855 | D:5      | Your scales start taking on a golden yellow colour.
  4855 | D:5      | Reached XP level 7. HP: 41/45 MP: 12/12
  4894 | D:5      | Noticed Edmund
  4905 | D:5      | Killed Edmund
  4905 | D:5      | Reached skill level 1 in Short Blades
  5075 | D:5      | Found Qunkekk's Book Boutique.
  5327 | D:5      | Killed Blork the orc
  5707 | D:5      | Reached * piety under Hepliaklqana
  5736 | D:5      | Reached skill level 1 in Fighting
  5736 | D:5      | Reached XP level 8. HP: 44/53 MP: 15/15
  5901 | D:5      | Killed Menkaure
  5901 | D:5      | Reached skill level 7 in Ice Magic
  6082 | D:6      | Noticed Dowan
  6083 | D:6      | Noticed Duvessa
  6284 | D:6      | Reached skill level 1 in Summonings
  6291 | D:6      | Reached skill level 5 in Spellcasting
  6357 | D:6      | Killed Dowan
  6374 | D:6      | Reached skill level 1 in Long Blades
  6400 | D:6      | Killed Duvessa
  6405 | D:6      | HP: 2/53 [gnoll/flail (7)]
  6410 | D:6      | Gained mutation: Your mind is acute. (Int +2) [potion of mutation]
  6410 | D:6      | Gained mutation: Your body sometimes deteriorates upon taking damage. [potion of mutation]
  6410 | D:6      | Gained mutation: You are robust. (+10% HP) [potion of mutation]
  6410 | D:6      | Gained mutation: You passively map a small area around you. [potion of mutation]
  7346 | D:7      | Reached skill level 1 in Charms
  7346 | D:7      | Reached skill level 8 in Ice Magic
  7373 | D:7      | Reached XP level 9. HP: 55/64 MP: 13/17
  7769 | D:7      | Lost mutation: You passively map a small area around you. [potion of mutation]
  7769 | D:7      | Lost mutation: You are robust. (+10% HP) [potion of mutation]
  7769 | D:7      | Lost mutation: Your body sometimes deteriorates upon taking damage. [potion of mutation]
  7769 | D:7      | Gained mutation: You have sharp toenails. [potion of mutation]
  7769 | D:7      | Gained mutation: You have razor-sharp toenails. [potion of mutation]
  7769 | D:7      | Gained mutation: You have a pair of small horns on your head. [potion of mutation]
  7805 | D:7      | Found a white marble altar of Elyvilon.
  7851 | D:7      | Reached ** piety under Hepliaklqana
  7852 | D:7      | Remembered your ancestor Onaxys as a knight
  8459 | D:8      | Reached skill level 9 in Ice Magic
  9077 | D:8      | Reached XP level 10. HP: 62/69 MP: 2/20
  9442 | D:8      | Noticed a two-headed ogre
  9459 | D:8      | Killed a two-headed ogre
  9459 | D:8      | Reached skill level 10 in Ice Magic
  9891 | D:9      | Reached *** piety under Hepliaklqana
 10051 | D:9      | Reached skill level 5 in Dodging
 10452 | D:10     | Entered Level 10 of the Dungeon
 10573 | D:10     | Noticed Snorg
 10610 | D:10     | Found Zynetiug's Weapon Shop.
 10723 | D:10     | Found a stormy altar of Qazlal.
 10771 | D:10     | Found a staircase to the Orcish Mines.
 10810 | D:10     | Reached **** piety under Hepliaklqana
 10877 | D:11     | Noticed a purple ugly thing
 10888 | D:11     | Killed a purple ugly thing
 11096 | D:11     | Reached skill level 11 in Ice Magic
 11102 | D:11     | Noticed a cyclops
 11228 | D:11     | Killed a cyclops
 11472 | D:11     | Reached XP level 11. HP: 74/74 MP: 15/21
 11530 | D:11     | Noticed a red ugly thing
 11556 | D:11     | HP: 3/74 [red ugly thing (20)]
 11558 | D:11     | Slain by a red ugly thing

Skill      XL: |  1  2  3  4  5  6  7  8  9 10 11 |
---------------+----------------------------------+-----
Dodging        | 2 3 4 5 |  5.6
Ice Magic      | 4 5 6 8 9 11 | 11.4
Spellcasting   | 3 4 5 6 7 |  7.1
Shields        | 1 3 4 |  4.0
Conjurations   | 2 3 4 |  4.9
Short Blades   | 1 |  1.0
Fighting       | 1 3 |  3.9
Summonings     | 1 2 |  2.0
Long Blades    | 2 |  2.0
Charms         | 1 2 |  2.3
Stealth        | |  1.7

Action                   |  1- 3 |  4- 6 |  7- 9 | 10-12 || total
-------------------------+-------+-------+-------+-------++-------
Melee: Dagger            |    35 |    87 |    62 |       ||   184
       Tailslap          |     4 |    12 |    25 |    19 ||    60
       Unarmed           |     1 |       |       |       ||     1
       Long sword        |       |       |   138 |   105 ||   243
       Headbutt          |       |       |    12 |    18 ||    30
       Kick              |       |       |     5 |       ||     5
 Cast: Freeze            |    31 |    80 |    45 |       ||   156
       Ozocubu's Armour  |       |     3 |    13 |     9 ||    25
       Throw Icicle      |       |       |    44 |    34 ||    78
       Summon Ice Beast  |       |       |     5 |     6 ||    11
Invok: Ancestor Identity |       |     1 |       |       ||     1
       Recall Ancestor   |       |     1 |     4 |       ||     5
       Ancestor Life: Kn |       |       |     1 |       ||     1
 Abil: Breathe Acid      |       |       |     1 |     1 ||     2
  Use: Potion            |       |     1 |     4 |     1 ||     6
       Scroll            |       |       |     9 |     9 ||    18
 Stab: Sleeping          |       |     4 |       |       ||     4
       Distracted        |       |     1 |     2 |     1 ||     4
  Eat: Chunk             |     1 |    12 |    14 |     9 ||    36
       Ration            |       |       |     2 |     1 ||     3
Armor: Skin              |    19 |    37 |    86 |    44 ||   186
Dodge: Dodged            |    38 |    85 |   131 |    82 ||   336
Block: Buckler           |       |    36 |   115 |    58 ||   209
       Reflection        |       |       |     7 |     1 ||     8
       Rpst.: Long sword |       |       |    22 |    12 ||    34
